 Dungeon Crawl Stone Soup version 0.14-a0-882-gdff4d47 (webtiles) character file.

481 PolkaDot the Ruinous (level 6, -6/41 HPs)
             Began as a Vampire Conjurer on Nov 18, 2013.
             Mangled by a gnoll shaman
             ... wielding a +0,+1 halberd
              (13 damage)
             ... on Level 3 of the Dungeon.
             The game lasted 00:14:53 (3759 turns).

PolkaDot the Ruinous (Vampire Conjurer)             Turns: 3759, Time: 00:14:53

HP  -6/41        AC  2     Str  7      XL: 6   Next: 38%
MP   1/10        EV 12     Int 19      God:
Gold 120         SH  0     Dex 14      Spells:  2 memorised,  4 levels left

Res.Fire  : . . .   See Invis. : +   j - +1,+2 scythe (slay drac)
Res.Cold  : . . .   Warding    : .   a - +0 robe
Life Prot.: . . .   Conserve   : .   (no shield)
Res.Poison: .       Res.Corr.  : .   (no helmet)
Res.Elec. : .       Clarity    : .   (no cloak)
Sust.Abil.: . .     Spirit.Shd : .   (no gloves)
Res.Mut.  : .       Stasis     : .   (no boots)
Res.Rott. : .       Flight     : .   (no amulet)
Saprovore : . . .                    (no ring)
                                     (no ring)

@: regenerating quickly, glowing, slightly resistant to hostile enchantments,
unstealthy
A: bottle blood, fangs 3, see invisible, unbreathing
a: Bottle Blood


You were on level 3 of the Dungeon.
You were full.

You visited 1 branch of the dungeon, and saw 3 of its levels.

You collected 120 gold pieces.

Inventory:

Hand weapons
 j - a +1,+2 scythe of dragon slaying (weapon)
Armour
 a - a +0 robe (worn)
Magical devices
 b - a wand of enslavement (13)
Scrolls
 d - 2 scrolls of enchant armour {unknown}
 f - a scroll of teleportation {unknown}
 g - 2 scrolls of identify {unknown}
 h - a scroll of fog {unknown}
 i - a scroll of curse weapon {unknown}
 k - a scroll of remove curse {unknown}
 m - a scroll of fear {unknown}
 n - a scroll of magic mapping {unknown}
Books
 c - a book of Conjurations

   Spells                             Type                      Level
   *Magic Dart                        Conjuration                  1
   *Searing Ray                       Conjuration                  2
   Dazzling Spray                     Conjuration/Hexes            3
   Iskenderun's Mystic Blast          Conjuration                  4
   Iskenderun's Battlesphere          Conjuration/Charms           4
   Fulminant Prism                    Conjuration/Hexes            5


   Skills:
 - Level 2.1 Dodging
 - Level 3.0 Stealth
 - Level 1.0 Spellcasting
 * Level 5.9 Conjurations


You had 4 spell levels left.
You knew the following spells:

 Your Spells              Type           Power        Failure   Level  Hunger
a - Magic Dart            Conj           ###.         1%          1    ##.....
s - Searing Ray           Conj           ###...       2%          2    ###....


Dungeon Overview and Level Annotations

Branches:
Dungeon (3/16)

Altars:


Innate Abilities, Weirdness & Mutations

Your natural rate of healing is unusually fast.
You can bottle blood from corpses.
You have razor-sharp teeth.*
You have supernaturally acute eyesight.
You can survive without breathing.*


Message History

The gnoll shaman misses you. The gnoll shaman barely misses you.
Casting: Searing Ray
Confirm with . or Enter, or press ? or * to list all spells.
Aiming: Searing Ray
Press: ? - help, Shift-Dir - straight line, f/p - gnoll shaman
Aim: a gnoll shaman, wielding a whip and wearing a robe The searing ray hits the gnoll shaman.
The gnoll shaman is severely wounded.
The gnoll shaman unwields an uncursed whip.
The gnoll shaman drops an uncursed whip.
The gnoll shaman picks up a halberd.
The gnoll shaman wields a halberd.
The gnoll shaman hits you with a club.
The searing ray hits the gnoll shaman.
You kill the gnoll shaman!
The gnoll shaman hits you from afar with a halberd!
* * * LOW HITPOINT WARNING * * *
The searing ray misses the gnoll shaman.
* * * LOW MAGIC WARNING * * *
The gnoll shaman hits you from afar with a halberd!
You die...

.......#.#######.#..#. #.#.
.......#.#.......##.#.# ##
.......#............#.#
...............#.##.#.# #.##
...............'......##### #...
...............#.##.##....# #.##
.......###..####.##.##....#.####.
......>..............'....+......
.......####.####@##.##....#.####.
.......# .# #)##.##....#.#....
.#.....# ####g##.##....#.#.###
.#.....# #..........####.#.# .#..
. #.##(##.##.####.#.# .# ....
#...............#.### .+
......#.#.....##......#.##. #
......#.#.###########.#'##.
#......#.....#....####....#.


You could see a gnoll shaman.

Vanquished Creatures
  Sigmund (D:3)
  An orc priest (D:3)
  2 gnoll shamans (D:3)
  Terence (D:2)
  2 adders (D:2)
  10 gnolls (D:3)
  A worm (D:2)
  3 orcs (D:3)
  4 giant cockroaches
  6 goblins
  13 hobgoblins
  6 jackals
  9 bats
  3 giant geckos
  3 giant newts
  4 kobolds
  10 rats
79 creatures vanquished.

Notes
Turn   | Place    | Note
--------------------------------------------------------------
     0 | D:1      | PolkaDot, the Vampire Conjurer, began the quest for the Orb.
     0 | D:1      | Reached XP level 1. HP: 13/13 MP: 4/4
   209 | D:1      | Reached XP level 2. HP: 14/19 MP: 1/5
   256 | D:1      | Learned a level 2 spell: Searing Ray
  1134 | D:1      | Reached XP level 3. HP: 24/24 MP: 2/6
  1699 | D:2      | Reached skill level 4 in Conjurations
  1918 | D:2      | Noticed Terence
  1930 | D:2      | Killed Terence
  1930 | D:2      | Reached XP level 4. HP: 30/30 MP: 2/8
  2799 | D:3      | Noticed Sigmund
  2836 | D:3      | Killed Sigmund
  2836 | D:3      | Reached skill level 5 in Conjurations
  2836 | D:3      | Reached XP level 5. HP: 21/35 MP: 0/9
  3458 | D:3      | Reached XP level 6. HP: 39/41 MP: 2/10
  3759 | D:3      | Mangled by a gnoll shaman

Action                   |  1- 3 |  4- 6 || total
-------------------------+-------+-------++-------
Melee: Unarmed           |    36 |     2 ||    38
       Scythe            |       |    23 ||    23
 Cast: Magic Dart        |    83 |    42 ||   125
       Searing Ray       |     2 |    17 ||    19
Evoke: Wand              |       |     1 ||     1
  Use: Potion            |     3 |     7 ||    10
 Stab: Sleeping          |       |     2 ||     2
